 Dungeon Crawl Stone Soup version 0.15-b1-129-g6fffc38 (webtiles) character file.

638 zercules the Ruffian (level 7, -4/62 HPs)
             Began as a Troll Assassin on Aug 28, 2014.
             Slain by a hippogriff (6 damage)
             ... on Level 5 of the Dungeon.
             The game lasted 00:08:58 (2976 turns).

zercules the Ruffian (Troll Assassin)               Turns: 2976, Time: 00:08:58

HP  -4/62        AC  6     Str 20      XL: 7   Next: 25%
MP   3/3         EV  9     Int 14      God:
Gold 167         SH  0     Dex 11      Spells:  0 memorised,  6 levels left

rFire  . . .     SeeInvis .       - Unarmed
rCold  . . .     Clarity  .     c - +0 robe
rNeg   . . .     rCorr    .     (shield restricted)
rPois  .         rRot     .     (helmet restricted)
rElec  .         Spirit   .     d - +0 cloak
SustAb .         Warding  .     (gloves unavailable)
rMut   .         Stasis   .     (boots unavailable)
Gourm  +                        (no amulet)
MR     .....                    r - ring of flight
                                i - +5 ring of intelligence

@: not resistant to hostile enchantments, unstealthy
A: unfitting armour, claws 3, fast metabolism 3, gourmand, regeneration 2,
saprovore 2, shaggy fur 1, tough skin 2
a: Evoke Flight


You were on level 5 of the Dungeon.
You were not hungry.

You visited 1 branch of the dungeon, and saw 5 of its levels.

You collected 167 gold pieces.


Innate Abilities, Weirdness & Mutations

You are too large for most types of armour.
You have claws for hands.
Your metabolism is lightning-fast.
You like to eat raw meat.
You heal very quickly.
You can eat rotten meat.
You are covered in fur (AC +1).
You have very tough skin (AC +2).


   Skills:
 - Level 1.5 Fighting
 - Level 1.7 Maces & Flails
 - Level 1.7 Throwing
 - Level 0.7 Dodging
 - Level 2.4 Stealth
 + Level 7.8 Unarmed Combat


You had 6 spell levels left.
You didn't know any spells.

Dungeon Overview and Level Annotations

Branches:
Dungeon (5/15)
 Temple: D:4-7

Altars:
Nemelex Xobeh
Qazlal
Sif Muna
Trog

Inventory:

Hand weapons
 a - a +2 club
 b - a +0 blowgun
Missiles
 e - 38 poisoned needles
 f - 2 curare-tipped needles
 x - a throwing net
 z - 3 large rocks (quivered)
Armour
 c - a +0 robe (worn)
 d - a +0 cloak (worn)
 v - a cursed +0 robe
Magical devices
 y - a wand of teleportation (6) {unknown}
Comestibles
 g - 5 meat rations
 l - 3 slices of pizza
 u - 3 fruits
 w - a bread ration
Scrolls
 h - a scroll of teleportation {unknown}
 j - a scroll of remove curse {unknown}
 m - 4 scrolls of identify {unknown}
 n - 3 scrolls of magic mapping {unknown}
 p - 2 scrolls of recharging {unknown}
 B - 2 scrolls of blinking {unknown}
Jewellery
 i - a +5 ring of intelligence (left claw)
 k - an uncursed ring of ice
 r - a ring of flight (right claw)
 A - an uncursed ring of stealth {unknown}
Potions
 o - 2 potions of might {unknown}
 q - 2 potions of curing {unknown}
 s - 2 potions of flight {unknown}
 t - a potion of invisibility {unknown}
 C - a potion of berserk rage {unknown}

#.. . ...Z #.# .........
## #.# ......... #. ####.#
..*.. ... #. ..#.# [.....
*. #.
#.#.###..####.#.####.
##.###.#..................
.......Z.O...# ##^##
#!###. #..H@..# .....
#.....
.######..#.......#.....
....?.....#.......#.....
.######..^..._...^(....
#..#.?.....#..###
#..#.......#.## ##.# .....
#.# #.####^####..#
#............#


You could see a hippogriff (bleeding), an ogre (bleeding) and an orc skeleton.


Message History

The gnoll skeleton hits you but does no damage.
You mangle the ogre skeleton!!
You destroy the ogre skeleton!
You claw the gnoll skeleton! The gnoll skeleton barely misses you.
You scratch the gnoll skeleton. The gnoll skeleton closely misses you.
You claw the gnoll skeleton!
You destroy the gnoll skeleton!
No target in view!
Found 12 gold pieces.
You see here an embroidered robe.
v - an embroidered robe A short-range portal.
Found 12 gold pieces.
A giant frog skeleton comes into view.
You see here a pink potion.
Found a scroll labeled XAITEO PNIH.
Found a stormy altar of Qazlal.
You see here 21 stones.
Your surroundings suddenly seem different.
Found 2 scrolls labeled SHRENW RYKIDERA.
Found a slimy pink potion.
Found a robe.
Found 2 scrolls labeled KLITWAL ONUE.
An orc zombie comes into view.
You see here 2 scrolls labeled SHRENW RYKIDERA.
You see here 2 scrolls labeled SHRENW RYKIDERA.
B - 2 scrolls labeled SHRENW RYKIDERA You see here a slimy pink potion.
q - 2 slimy pink potions (gained 1)
An ogre comes into view. It is wielding a giant club.
The orc zombie hits you.
You scratch the orc zombie.
The ogre shouts!
The orc zombie hits you but does no damage.
A hippogriff comes into view.
You scratch the orc zombie. You barely miss the orc zombie.
The orc zombie barely misses you.
You claw the orc zombie!
You destroy the orc zombie!
You claw the hippogriff!
The hippogriff is heavily wounded.
The hippogriff bites you but does no damage.
The hippogriff closely misses you. The hippogriff claws you.
An orc skeleton comes into view.
You closely miss the hippogriff.
The hippogriff is heavily wounded.
The hippogriff bites you but does no damage.
The hippogriff pecks you. The hippogriff claws you.
The ogre hits you with a giant club!!
You claw the hippogriff!
The hippogriff is almost dead.
The hippogriff barely misses you.
The hippogriff pecks you but does no damage.
The hippogriff claws you.
You scratch the hippogriff but do no damage.
The hippogriff is almost dead.
The ogre hits you with a giant club!
* * * LOW HITPOINT WARNING * * *
The hippogriff barely misses you.
The hippogriff pecks you but does no damage.
The hippogriff closely misses you.
You claw the ogre!
The ogre is heavily wounded.
The ogre hits you with a giant club!
* * * LOW HITPOINT WARNING * * *
You scratch the hippogriff but do no damage.
The hippogriff is almost dead.
The hippogriff bites you!
* * * LOW HITPOINT WARNING * * *
The hippogriff pecks you.
You die...

Action                   |  1- 3 |  4- 6 |  7- 9 || total
-------------------------+-------+-------+-------++-------
Melee: Unarmed           |   124 |   124 |    24 ||   272
Throw: Large rock        |       |     5 |       ||     5
 Stab: Sleeping          |     2 |     1 |       ||     3
  Eat: Chunk             |    13 |    15 |       ||    28

Vault maps used:
D:1:      minmay_arrival_five_plusses
D:2:      nemelex_altar_shiori
D:3:      uniq_terence
D:4:      led_sif_pool, first_bread, trog_wizard
D:5:      amethyst_srp_altar

Notes
Turn   | Place    | Note
--------------------------------------------------------------
     0 | D:1      | zercules, the Troll Assassin, began the quest for the Orb.
     0 | D:1      | Reached XP level 1. HP: 19/19 MP: 1/1
    53 | D:1      | Reached skill level 1 in Unarmed Combat
    74 | D:1      | Reached XP level 2. HP: 27/27 MP: 1/1
   154 | D:1      | Reached skill level 2 in Unarmed Combat
   690 | D:2      | Reached XP level 3. HP: 18/33 MP: 2/2
   716 | D:2      | Reached skill level 3 in Unarmed Combat
  1159 | D:2      | Found a sparkling altar of Nemelex Xobeh.
  1252 | D:3      | Noticed a giant frog
  1269 | D:3      | Killed a giant frog
  1269 | D:3      | Reached skill level 4 in Unarmed Combat
  1269 | D:3      | Reached XP level 4. HP: 24/41 MP: 2/2
  1297 | D:3      | Noticed zercules' ghost (average GrMo)
  1304 | D:3      | Killed zercules' ghost
  1304 | D:3      | Reached skill level 5 in Unarmed Combat
  1304 | D:3      | Reached XP level 5. HP: 28/48 MP: 2/2
  1369 | D:3      | Noticed Terence
  1383 | D:3      | HP: 9/48 [Terence/wand of magic darts (8)]
  1385 | D:3      | Killed Terence
  1452 | D:3      | Reached XP level 6. HP: 48/55 MP: 3/3
  1661 | D:3      | Reached skill level 6 in Unarmed Combat
  1771 | D:4      | HP: 13/55 [gnoll/spear (1)]
  2238 | D:4      | Found a bloodstained altar of Trog.
  2238 | D:4      | Noticed a wizard
  2246 | D:4      | Killed a wizard
  2548 | D:4      | Found a deep blue altar of Sif Muna.
  2744 | D:5      | Entered Level 5 of the Dungeon
  2781 | D:5      | Reached skill level 7 in Unarmed Combat
  2801 | D:5      | Reached XP level 7. HP: 18/62 MP: 3/3
  2941 | D:5      | Found a stormy altar of Qazlal.
  2964 | D:5      | Noticed a hippogriff
  2974 | D:5      | HP: 9/62 [ogre/giant club (9)]
  2976 | D:5      | HP: 2/62 [hippogriff (8)]
  2976 | D:5      | Slain by a hippogriff

Vanquished Creatures
  The ghost of zercules the Insei, an average GrMo (D:3)
  An ogre (D:5)
  A giant frog (D:3)
  2 hounds (D:5)
  2 worker ants
  2 ogre skeletons
  Terence (D:3)
  3 adders
  A worker ant zombie (D:5)
  8 gnolls (D:4)
  A shadow imp (D:5)
  4 worms
  3 giant geckos
  2 oozes
  2 orcs
  8 bats
  A bat zombie (D:5)
  6 giant cockroaches
  10 hobgoblins
  2 jackals (D:3)
  4 kobolds
  A quokka (D:3)
  4 giant newts
  A gnoll skeleton (D:5)
  8 goblins
  An orc zombie (D:5)
  7 rats
87 creatures vanquished.

Vanquished Creatures (others)
  A wizard (D:4)
1 creature vanquished.

Grand Total: 88 creatures vanquished
